 Dungeon Crawl Stone Soup version 0.28-a0-697-g47f3eba078 (webtiles) character file.

Game seed: 407176731587833420

426 Conn the Firebug (level 6, -1/38 HPs)
             Began as an Octopode Fire Elementalist on Oct 23, 2021.
             Slain by StikS32's ghost (8 damage)
             ... on level 4 of the Dungeon.
             The game lasted 00:11:32 (4938 turns).

Conn the Firebug (Octopode Fire Elementalist)       Turns: 4938, Time: 00:11:32

Health: -1/38      AC:  3    Str:  8    XL:     6   Next: 97%
Magic:  9/11       EV: 13    Int: 19    God:
Gold:   154        SH:  0    Dex: 14    Spells: 3/12 levels left

rFire   + . .      SeeInvis .   b - +0 short sword (protect)
rCold   . . .      Faith    .   (no shield)
rNeg    . . .      Spirit   .   (helmet restricted)
rPois   .          Reflect  .   (no amulet)
rElec   .          Harm     .   (no ring)
rCorr   .          Rampage  .   (no ring)
Will    .....                   (no ring)
Stlth   +++.......              (no ring)
HPRegen 0.12/turn               (no ring)
MPRegen 0.12/turn               (no ring)
                                (no ring)
                                (no ring)

@: weak-willed
A: almost no armour, amphibious, 8 rings, camouflage 1, gelatinous body 1,
(nimble swimmer 1), tentacles, iridescent scales 1, agile 1, fire resistance 1
a: no special abilities


You were on level 4 of the Dungeon.
You visited 1 branch of the dungeon, and saw 4 of its levels.

You collected 202 gold pieces.
You spent 48 gold pieces at shops.

Inventory:

Hand Weapons
 b - a +0 short sword of protection (weapon)
Jewellery
 a - a ring of ice
Scrolls
 c - a scroll of amnesia
 f - a scroll of brand weapon
 g - a scroll of fear {unknown}
 h - a scroll of identify {unknown}
 j - a scroll of enchant weapon {unknown}
 k - 2 scrolls of fog
 l - 2 scrolls of magic mapping
Potions
 i - 2 potions of flight


   Skills:
 + Level 1.1 Fighting
 + Level 1.8 Short Blades
 + Level 2.8 Dodging
 + Level 3.6 Stealth
 + Level 0.1 Unarmed Combat
 + Level 3.5 Spellcasting
 * Level 2.7 Conjurations
 * Level 1.5 Translocations
 + Level 4.4 Fire Magic


You had 3 spell levels left.
You knew the following spells:

 Your Spells              Type           Power      Damage    Failure   Level
a - Foxfire               Conj/Fire      64%        2x1d7     3%          1
b - Conjure Flame         Conj/Fire      16%        6-21      10%         3
c - Inner Flame           Hex/Fire       11%        N/A       17%         3
f - Blink                 Tloc           N/A        N/A       12%         2

Your spell library contained the following spells:

 Spells                   Type           Power      Damage    Failure   Level
 Scorch                   Fire           40%        2d7       3%          2
 Pain                     Necr           12%        1d4       14%         1
 Flame Wave               Conj/Fire      16%        3d5       32%         4
 Manifold Assault         Tloc           9%         N/A       91%         5
 Agony                    Necr           3%         N/A       99%         5
 Excruciating Wounds      Necr           1%         N/A       99%         5
 Storm Form               Tmut/Air       1%         N/A       100%        7


Dungeon Overview and Level Annotations

Branches:
Dungeon (4/15)
 Temple: D:4-7

Altars:
Gozag
Makhleb
Vehumet

Shops:
D:1 [!*(   D:2 *

Annotations:
D:4 StikS32's ghost, novice GrFi


Innate Abilities, Weirdness & Mutations

You cannot wear most types of armour.
You are amphibious.
You can wear up to eight rings at the same time.
Your skin changes colour to match your surroundings (Stealth+).
Your rubbery body absorbs attacks. (AC +1, EV +1)
((You are camouflaged near water. (Stealth+)))
You have tentacles for arms and can constrict up to eight enemies at once.
You are partially covered in iridescent scales. (AC +2)
You are agile. (Dex +2)
Your flesh is heat resistant. (rF+)


Message History

Something appears before you!
The gnoll hits you from afar with a +0 halberd!
The gnoll hits you with a +0 flail.
Casting: Foxfire (safe; 3% risk of failure)
Confirm with . or Enter, or press ? or * to list all spells.
You blink.
The gnoll misses you. StikS32's ghost hits you!
* * * LOW HITPOINT WARNING * * *
x2 Unknown command.
Okay, then.
Okay, then.
Okay, then.
Casting: Blink (safe; 12% risk of failure)
Confirm with . or Enter, or press ? or * to list all spells.
Okay, then.
Okay, then.
Okay, then.
Press: ? - help, v - describe, . - travel
Here: StikS32's ghost, wielding a vorpal weapon (weak-willed)
The floor.
Unknown command.
Press: ? - help, v - describe, . - travel
Here: a gnoll, wielding a +0 halberd (weak-willed)
An open translucent door.
Unknown command.
Unknown command.
Press: ? - help, v - describe, . - travel
Here: StikS32's ghost, wielding a vorpal weapon (weak-willed)
The floor.
Unknown command.
Unknown command.
Unknown command.
The gnoll barely misses you.
You feel better. StikS32's ghost hits you!
* * * LOW HITPOINT WARNING * * *
x2
Press: ? - help, v - describe, . - travel A transporter.
There is a transporter here.
You enter the transporter and appear at another place.
StikS32's ghost hits you!
You die...

### ### #.# #.#
##.###########.##################
.................................
##............................###
#...≈≈≈≈≈≈≈≈≈≈≈≈≈≈≈≈≈≈≈≈≈≈≈≈≈.###
#...≈≈≈≈≈≈≈≈≈≈≈≈≈≈≈≈≈≈≈≈≈≈≈≈≈...#
#...≈≈#####...........#####≈≈.#.#
#...≈≈#.#.#.###W@.###.#.#.#≈≈.#.#
....≈≈#...###.#####©###...#≈≈....
...†≈≈###.$....ggg....g.###≈≈.#.#
....≈≈.8#.##'###'######.#8.≈≈.#.#
....≈≈.##.#...#..8#g.$#.##.≈≈....
#.#.≈≈.#..'.....©⌠#:.$'..#.≈≈.#..
....≈≈.##.#...#..8#..$#.##.≈≈....
....≈≈.8#.##'###'######.#8.≈≈....
(...≈≈###.............$.###≈≈.#..


You could see StikS32's ghost (weak-willed) and 3 gnolls.

Vanquished Creatures
  A black bear (D:4)
  A centaur (D:3)
  A crimson imp (D:3)
  An iguana (D:4)
  An orc wizard (D:3)
  4 gnolls (D:3)
  4 adders (D:2)
  An ufetubus (D:4)
  3 worms
  5 dart slugs
  2 orcs (D:3)
  4 bats
  9 endoplasms
  4 giant cockroaches (D:1)
  8 goblins
  6 hobgoblins
  2 jackals (D:2)
  4 quokkas
  4 frilled lizards
  3 kobolds
  6 rats
74 creatures vanquished.

Vanquished Creatures (others)
  A bat (D:1)
  242 foxfires
  6 plants (D:4)
249 creatures vanquished.

Grand Total: 323 creatures vanquished

Notes
Turn   | Place    | Note
-------+----------+-------------------------------------------
     0 | D:1      | Conn the Octopode Fire Elementalist began the quest for the
                  | Orb.
     0 | D:1      | Reached XP level 1. HP: 11/11 MP: 3/3
   154 | D:1      | Reached XP level 2. HP: 11/17 MP: 1/5
   541 | D:1      | Found Zanasu Kurae's General Store.
   614 | D:1      | Found Kougg's Distillery.
   623 | D:1      | Reached XP level 3. HP: 21/21 MP: 2/6
   754 | D:1      | Found Ulumimoa's Antique Armour Shop.
   943 | D:1      | Found Gecyps's Antique Weapon Emporium.
  1270 | D:1      | Learned a level 3 spell: Conjure Flame
  1439 | D:2      | Found Adoikel's Assorted Antiques.
  1450 | D:2      | Bought 3 scrolls labelled WIKKYKL OCOYN for 48 gold pieces
  1470 | D:2      | Reached skill level 1 in Short Blades
  1683 | D:2      | Reached XP level 4. HP: 26/27 MP: 0/7
  1948 | D:2      | Found a faded altar of an unknown god.
  1956 | D:2      | Reached skill level 4 in Fire Magic
  2257 | D:2      | Learned a level 3 spell: Inner Flame
  2552 | D:3      | Noticed a centaur
  2559 | D:3      | Gained mutation: Your flesh is heat resistant. (rF+)
                  | [potion of mutation]
  2559 | D:3      | Gained mutation: You are agile. (Dex +2) [potion of
                  | mutation]
  2559 | D:3      | Gained mutation: You are partially covered in iridescent
                  | scales. (AC +2) [potion of mutation]
  2579 | D:3      | Killed a centaur
  2580 | D:3      | Reached XP level 5. HP: 18/32 MP: 2/9
  2793 | D:3      | Learned a level 2 spell: Blink
  3000 | D:3      | Found a radiant altar of Vehumet.
  3000 | D:3      | Found a burning altar of Makhleb.
  3429 | D:3      | Reached XP level 6. HP: 37/37 MP: 0/10
  3527 | D:3      | Reached skill level 1 in Fighting
  3691 | D:3      | Reached skill level 1 in Translocations
  4233 | D:4      | Found an opulent altar of Gozag.
  4277 | D:4      | Noticed StikS32's ghost (novice GrFi)
  4279 | D:4      | Found a transporter.
  4295 | D:4      | Noticed a black bear
  4312 | D:4      | Killed a black bear
  4883 | D:4      | Identified the +7 spear "Biwurai Afoa" {venom, Int+7}
  4894 | D:4      | Found a transporter.
  4929 | D:4      | Identified a scroll of acquirement
  4929 | D:4      | Acquired 862 gold pieces
  4938 | D:4      | Slain by StikS32's ghost

Illustrated notes

Levels and vault maps discovered:
D:1:      erik_arrival_cave_to_civilisation [erik_arrival_cave_to_hall],
          layout_basic, serial_shops, shop, shop,
          nicolae_shop_temple_entry_statues_fountains, shop
D:2:      layout_basic, serial_shops, nicolae_diamond_shop,
          basic_ecumenical_altar, minmay_tripent
D:3:      layout_loops_corners, grunt_temple_overflow_lords_of_destruction,
          st_stairs_1
D:4:      layout_basic, mainiacjoe_overflow_small_starburst,
          gammafunk_ghost_gnarly_gnolls

Skill      XL: |  1  2  3  4  5  6 |
---------------+-------------------+-----
Stealth        | 3 |  3.6
Short Blades   | 1 |  1.8
Fire Magic     | 4 |  4.4
Spellcasting   | 3 |  3.5
Fighting       | 1 |  1.1
Translocations | 1 |  1.5
Conjurations   | 2 |  2.7
Dodging        | |  2.8
Unarmed Combat | |  0.1

Action                   |  1- 3 |  4- 6 || total
-------------------------+-------+-------++-------
Melee: Short sword       |    30 |    44 ||    74
       Unarmed           |     4 |       ||     4
       Constrict         |     8 |     8 ||    16
       Tentacles         |     2 |     8 ||    10
 Cast: Foxfire           |    67 |    74 ||   141
       Conjure Flame     |       |     1 ||     1
       Blink             |       |     1 ||     1
  Use: Scroll            |     1 |     6 ||     7
       Potion            |       |     8 ||     8
 Stab: Sleeping          |     5 |     3 ||     8
Armor: Skin              |     6 |    49 ||    55
Dodge: Dodged            |    25 |    49 ||    74

Table legend: (Time is in decaauts)
 A = Elapsed time spent in this place.
 B = Non-inter-level travel time spent in this place.
 C = Inter-level travel time spent in this place.
 D = Time resting spent in this place.
 E = Time spent auto-exploring this place.
 F = Levels seen in this place.
 G = Mean time per level.
                   A        B        C        D        E       F      G
               +--------+--------+--------+--------+--------+-----+--------+
         Total |   4941 |   4873 |     68 |    277 |   3784 |   4 | 1235.2 |
       Dungeon |   4941 |   4873 |     68 |    277 |   3784 |   4 | 1235.2 |
               +--------+--------+--------+--------+--------+-----+--------+

Top non-repeatable levels by time:
     D:3: 1559 daAuts
     D:2: 1299 daAuts
     D:1: 1298 daAuts
     D:4: 783 daAuts
